 Dungeon Crawl Stone Soup version 0.28.0-45-g0d030f2227 (webtiles) character file.

Game seed: 17076830702491762908

2207 101zpm the Thaumaturge (level 9, 0/56 HPs)
             Began as a Djinni Ice Elementalist on Apr 11, 2022.
             Was an Initiate of Ashenzari.
             Slain by a wight
             ... wielding a +4 scimitar of freezing
              (8 damage)
             ... on level 4 of the Dungeon.
             The game lasted 00:35:11 (12117 turns).

101zpm the Thaumaturge (Djinni Ice Elementalist)   Turns: 12117, Time: 00:35:11

Health: 0/56       AC:  5    Str:  7    XL:     9   Next: 60%
Gold:   147        EV: 13    Int: 22    God:    Ashenzari [......] SH:  4 Dex: 15

rFire   + + .      SeeInvis .   i - staff of poison
rCold   x . .      Faith    .   w - +0 buckler
rNeg    . . .      Spirit   .   u - +2 robe "Sipremu" {Dex+2}
rPois   ∞          Reflect  .   (no helmet)
rElec   .          Harm     .   m - +0 cloak
rCorr   .          Rampage  .   (no gloves)
Will    .....                   (boots unavailable)
Stlth   +++.......              (no amulet)
HPRegen 0.18/turn               (no ring)
MPRegen 0.00/turn               (no ring)

@: flying
A: sickness immunity, fire resistance 2, cold vulnerability 1, float, innate
caster, HP casting, extra vitality 1
a: Renounce Religion


You were on level 4 of the Dungeon.
You worshipped Ashenzari.
Ashenzari was noncommittal.
You visited 2 branches of the dungeon, and saw 8 of its levels.

You collected 147 gold pieces.

Inventory:

Hand Weapons
 k - a +0 short sword of holy wrath
Missiles
 t - a throwing net
 y - 4 boomerangs
Armour
 a - a +0 robe
 m - a +0 cloak (worn)
 u - the +2 robe "Sipremu" (worn) {Dex+2}
   (You found it on level 3 of the Dungeon)

   Dex:       It affects your dexterity (+2).
 w - a +0 buckler (worn)
Magical Staves
 i - a staff of poison (weapon)
Jewellery
 D - an amulet of the acrobat
Wands
 o - a wand of charming (6)
Scrolls
 c - a scroll of acquirement {unknown}
 e - 3 scrolls of identify {unknown}
 g - 2 scrolls of enchant weapon {unknown}
 l - 2 scrolls of enchant armour {unknown}
 q - a scroll of magic mapping {unknown}
 r - 2 scrolls of summoning {unknown}
 s - a scroll of fear {unknown}
 v - 2 scrolls of torment
 x - 3 scrolls of teleportation {unknown}
 z - a scroll of noise {unknown}
 A - a scroll of holy word {unknown}
 B - a scroll of amnesia {unknown}
 C - a scroll of brand weapon {unknown}
Potions
 b - 3 potions of resistance {unknown}
 d - a potion of mutation {unknown}
 f - a potion of haste {unknown}
 h - 3 potions of brilliance {unknown}
 j - 5 potions of curing {unknown}
 n - 2 potions of ambrosia {unknown}
 p - 2 potions of cancellation {unknown}
 E - 2 potions of heal wounds {unknown}


   Skills:
 + Level 0.7 Fighting
 + Level 1.0 Staves
 + Level 4.3 Dodging
 + Level 3.8 Stealth
 + Level 1.4 Shields
 + Level 0.1 Unarmed Combat
 + Level 8.9 Spellcasting


You had 4 spell levels left.
You knew the following spells:

 Your Spells              Type           Power      Damage    Failure   Level
a - Freeze                Ice            100%       1d11      1%          1
b - Frozen Ramparts       Ice            96%        1d11      1%          3
c - Ozocubu's Armour      Ice            48%        N/A       1%          3
d - Hailstorm             Conj/Ice       48%        3d11      2%          4
e - Magic Dart            Conj           100%       1d8       1%          1
f - Poisonous Vapours     Pois/Air       100%       N/A       1%          2
g - Gell's Gravitas       Tloc           48%        N/A       1%          3
h - Passage of Golubria   Tloc           48%        N/A       2%          4
Your spell library was empty.

Dungeon Overview and Level Annotations

Branches:
Dungeon (7/15)             Temple (1/1) D:6

Altars:
Ashenzari
Dithmenos
Fedhas
Gozag
Hepliaklqana
Kikubaaqudgha
Makhleb
Nemelex Xobeh
Okawaru
Ru
Sif Muna
Trog
Uskayaw
Vehumet
Wu Jian
Xom
Yredelemnul
Zin
The Shining One

Shops:
D:2 *

Annotations:
D:7 Maggie


Innate Abilities, Weirdness & Mutations

You are immune to sickness and miasma.
You are immune to poison.
Your flesh is very heat resistant. (rF++)
You are vulnerable to cold. (rC-)
You float through the air rather than walking.
You learn spells naturally, not from books.
Your magical power is your life essence.
You have superior vitality. (+4 MHP)


Message History

The frozen ramparts melt away as you move.
The wight closely misses you.
There is a stone staircase leading up here.
The wight misses you.
Things that are here:
a +0 robe; a +3 long sword
There is a stone staircase leading up here.
You fly upwards.
There is a stone staircase leading down here.
There is a stone staircase leading up here.
You fly upwards.
There is a stone staircase leading down here.
You start resting.
HP restored.
You fly downwards.
The wight hits you with a +4 scimitar of freezing!
The wight freezes you!
The wight hits you with a +4 scimitar of freezing!
The wight freezes you.
There is a stone staircase leading up here.
You block the wight's attack.
You fly upwards.
There is a stone staircase leading down here.
The wight closely misses you.
There is a stone staircase leading up here.
There is a stone staircase leading down here.
The wight hits you with a +4 scimitar of freezing!
* * * LOW HITPOINT WARNING * * *
The wight freezes you.
* * * LOW HITPOINT WARNING * * *
You fly downwards.
There is a stone staircase leading up here.
The wight hits you with a +4 scimitar of freezing.
* * * LOW HITPOINT WARNING * * *
The wight freezes you.
* * * LOW HITPOINT WARNING * * *
You fly upwards.
There is a stone staircase leading down here.
The wight hits you with a +4 scimitar of freezing!
You die...

#...# #. #######.###
#. #.......# #.
#.#####.# #. #.# #.#
#. ######.# #.# ###.
##...##.# #.# #...
#.....#.# #.# #.##
#.....@.# #.# #...
#...>z### #.# ###.
##...## #.########.
##.#########..........
#..............######
##############.# #.#
## #.# ##. #.# ##.#


You could see a wight.

Vanquished Creatures
  A kobold demonologist (D:6)
  A shadow (D:6)
  A wyvern (D:4)
  A sky beast (D:6)
  A necrophage (D:5)
  A black bear (D:6)
  An ogre (D:5)
  A centaur (D:5)
  A phantom (D:6)
  A bullfrog (D:7)
  2 scorpions (D:5)
  A water moccasin skeleton (D:5)
  4 wights (D:6)
  An electric eel (D:6)
  A bullfrog zombie (D:6)
  A bullfrog skeleton (D:4)
  An orc priest (D:3)
  A hound (D:6)
  3 iguanas
  2 centaur skeletons (D:6)
  Ijyb (D:3)
  6 orc wizards
  A killer bee zombie (D:7)
  3 hound skeletons
  Robin (D:2)
  9 adders
  An ufetubus (D:4)
  2 adder skeletons (D:4)
  3 worms
  3 dart slugs
  16 orcs
  5 endoplasms
  2 giant cockroaches
  14 goblins
  11 hobgoblins
  7 jackals
  7 kobolds
  4 quokkas
  14 ball pythons
  6 bats
  4 frilled lizards
  2 rats
149 creatures vanquished.

Notes
Turn   | Place    | Note
-------+----------+-------------------------------------------
     0 | D:1      | 101zpm the Djinni Ice Elementalist began the quest for the
                  | Orb.
     0 | D:1      | Reached XP level 1. HP: 15/15 MP: 0/0
   137 | D:1      | Reached XP level 2. HP: 13/21 MP: 0/0
   507 | D:1      | Found a faded altar of an unknown god.
   797 | D:1      | Reached XP level 3. HP: 15/25 MP: 0/0
   797 | D:1      | Learned a level 1 spell: Magic Dart
  1605 | D:2      | Reached XP level 4. HP: 27/31 MP: 0/0
  2048 | D:2      | Found Ogacver's General Store.
  2072 | D:2      | Reached skill level 4 in Spellcasting
  2318 | D:2      | Noticed Robin
  2330 | D:2      | Killed Robin
  2854 | D:2      | Reached XP level 5. HP: 34/35 MP: 0/0
  2854 | D:2      | Learned a level 2 spell: Poisonous Vapours
  3508 | D:3      | Noticed Ijyb
  3513 | D:3      | Killed Ijyb
  4148 | D:3      | Reached XP level 6. HP: 5/40 MP: 0/0
  4710 | D:3      | Reached skill level 5 in Spellcasting
  5067 | D:3      | Identified the +2 robe "Sipremu" {Dex+2}
  5509 | D:4      | Noticed a wyvern
  5515 | D:4      | Killed a wyvern
  5516 | D:4      | Reached XP level 7. HP: 33/45 MP: 0/0
  5516 | D:4      | Learned a level 3 spell: Gell's Gravitas
  6457 | D:5      | Entered Level 5 of the Dungeon
  6764 | D:5      | Reached skill level 6 in Spellcasting
  7373 | D:5      | Reached XP level 8. HP: 41/50 MP: 0/0
  8653 | D:5      | Reached skill level 7 in Spellcasting
  8927 | D:6      | Reached skill level 1 in Shields
  9246 | D:6      | Reached skill level 1 in Staves
  9714 | D:6      | Reached XP level 9. HP: 36/56 MP: 0/0
  9714 | D:6      | Learned a level 4 spell: Passage of Golubria
 10334 | D:6      | Reached skill level 8 in Spellcasting
 11005 | D:6      | Found a staircase to the Ecumenical Temple.
 11006 | D:6      | Noticed a kobold demonologist
 11016 | D:6      | Killed a kobold demonologist
 11084 | Temple   | Entered the Ecumenical Temple
 11249 | Temple   | Became a worshipper of Ashenzari the Shackled
 11702 | D:7      | Noticed Maggie
 12117 | D:4      | Slain by a wight

Illustrated notes

Levels and vault maps discovered:
D:1:      mainiacjoe_arrival_reflecting_pool, layout_basic,
          shapermc_ecumenical_altar_flowoftime
D:2:      layout_loops_corners, serial_shops, nicolae_shop_trees,
          minmay_misc_feat_rugged, uniq_robin
D:3:      cheibrodos_helix_gallery, layout_basic, nrook_campfire,
          minmay_bisected, uniq_ijyb
D:4:      layout_loops_ring, grunt_decor_resistance
D:5:      layout_rooms, lemuel_doored_altar
D:6:      layout_rooms, minmay_temple_entry_grid, grunt_ministairs_12,
          nicolae_lava_and_water
D:7:      layout_cave_pools, mainiacjoe_overflow_catch_the_wave, uniq_menkaure,
          uniq_maggie
Temple:   hc_temple_tempest_star

Skill      XL: |  1  2  3  4  5  6  7  8  9 |
---------------+----------------------------+-----
Stealth        | 2 3 |  3.8
Spellcasting   | 4 5 6 7 8 |  8.9
Dodging        | 3 4 |  4.3
Shields        | 1 |  1.4
Staves         | 1 |  1.0
Fighting       | |  0.7
Unarmed Combat | |  0.1

Action                   |  1- 3 |  4- 6 |  7- 9 || total
-------------------------+-------+-------+-------++-------
Melee: Unarmed           |     1 |       |       ||     1
       Staff             |       |       |     1 ||     1
 Cast: Freeze            |    34 |     3 |    18 ||    55
       Magic Dart        |    11 |   118 |   218 ||   347
       Frozen Ramparts   |     1 |    11 |    27 ||    39
       Poisonous Vapours |       |    21 |    14 ||    35
       Gell's Gravitas   |       |       |     2 ||     2
       Passage of Golubr |       |       |     1 ||     1
       Hailstorm         |       |       |     1 ||     1
  Use: Scroll            |       |       |     1 ||     1
Armor: Robe              |     6 |     5 |    40 ||    51
Dodge: Dodged            |    15 |    12 |    78 ||   105
Block: Buckler           |       |     1 |    25 ||    26
